 Dungeon Crawl Stone Soup version 0.31-a0-1204-ge2c1a860ed (webtiles) character file.

Game seed: 4555061977834705467

81 backslashecho the Insei (level 5, -9/40 HPs)
             Began as a Meteoran Shapeshifter on Dec 12, 2023.
             Mangled by a gnoll
             ... wielding a +0 halberd
             ... led by a gnoll bouda
              (11 damage)
             ... on level 3 of the Dungeon.
             The game lasted 00:02:24 (795 turns).

backslashecho the Insei (Meteoran Shapeshifter)      Turns: 795, Time: 00:02:25

Health: -9/40      AC:  2    Str: 15    XL:     5   Next: 0%
Magic:  6/6        EV: 12    Int: 11    God:
Gold:   63         SH:  0    Dex: 16    Spells: 4/4 levels left

rFire   . .          .
                       - Unarmed
rCold   . . .        (no shield)
rNeg    . . .        a - +0 animal skin
rPois   .            (helmet currently unavailable)
rElec   .            (cloak currently unavailable)
rCorr   .            (gloves currently unavailable)
SInv    .            (boots currently unavailable)
Will    +....        (no amulet)
Stlth   +            (no ring)
HPRegen 0.26/turn    (no ring)
MPRegen 0.10/turn

%: no passive effects
@: beast-form, enlightened, flying, glowing
A: beast (slay +2), sense surroundings 1, otherworldly, glowing, explore regen
a: Begin Untransformation


You were on level 3 of the Dungeon.
You were a hulking beast.
You visited 1 branch of the dungeon, and saw 4 of its levels.

You collected 63 gold pieces.

Inventory:

Missiles
 h - a throwing net
Armour
 a - a +0 animal skin (worn)
Talismans
 c - a beast talisman
 d - a flux talisman
Scrolls
 g - a scroll of teleportation {unknown}
 i - a scroll of poison {unknown}
 j - a scroll of enchant weapon {unknown}
 l - a scroll of identify {unknown}
Potions
 b - a potion of lignification
 f - a potion of attraction {unknown}
 k - a potion of heal wounds {unknown}
 m - a potion of curing {unknown}
 n - a potion of brilliance {unknown}


   Skills:
 - Level 1.1 Fighting
 - Level 2.1 Dodging
 * Level 5.3 Unarmed Combat
 + Level 4.5 Shapeshifting


You had 4 spell levels left.
You didn't know any spells.
Your spell library was empty.

Dungeon Overview and Level Annotations

Branches:
Dungeon (4/15) Zot: 1611
 Temple: D:4-7

Altars:

Shops:
D:1 :


Innate Abilities, Weirdness & Mutations

You are a hulking beast.
Your limbs bulge with bestial killing power. (Slay +2)
You passively map a small area around you.
You are easily found by Zot.
You glow in the dark.
You regain HP and MP as you explore.


Message History

You take 2 damage, and have 33/35 hp.
You hit the goblin.
The goblin is moderately wounded.
The goblin hits you but does no damage.
You hit the goblin.
You kill the goblin!
You have reached level 5!
You regained 5 hp, and now have 38/40 hp.
MP restored: 6 You see here a +0 club.
Health restored: 40
There is a stone staircase leading down here.
You climb downwards.
The gnoll bouda shouts!
The gnoll shouts! x3
The endoplasm quivers.
There is a stone staircase leading up here.
The gnoll hits you with a +0 halberd!
You climb upwards.
You hear the sound of rushing water.
There is an entrance to a sewer on this level.
Hurry and find it before the portal rusts away!
There is a stone staircase leading down here.
You take 8 damage, and have 32/40 hp.
Unknown command.
Unknown command.
Unknown command.
You hit the gnoll.
The gnoll is lightly wounded.
The gnoll hits you with a +0 halberd.
You take 6 damage, and have 26/40 hp.
You closely miss the gnoll.
The gnoll is lightly wounded.
The gnoll hits you with a +0 halberd!
You take 11 damage, and have 15/40 hp.
MASSIVE DAMAGE!!
You are too injured to fight recklessly!
You barely miss the gnoll.
The gnoll is lightly wounded.
The gnoll misses you.
You barely miss the gnoll.
The gnoll is lightly wounded.
The gnoll hits you with a +0 halberd!
* * * LOW HITPOINT WARNING * * *
You take 13 damage, and have 2/40 hp.
MASSIVE DAMAGE!!
It was a potion of enlightenment.
You feel very buoyant.
You fly up into the air.
The gnoll hits you with a +0 halberd.
* * * LOW HITPOINT WARNING * * *
You take 1 damage, and have 1/40 hp.
You feel more buoyant. The gnoll hits you with a +0 halberd!
You die...

* ~ ~ *
##.....# , ,,
,, * #####.# *
.# ~ #.####.##
~ #.......#
#..##.#.# *
#).#..# , *
#..#.#*
#######.g.##.#
.......h.....#
#.############,
* , * * * ,* *
* , , , , * * *


You could see a gnoll.

Vanquished Creatures
  4 adders
  A dart slug (D:1)
  4 ball pythons
  7 bats
  5 endoplasms (D:2)
  A giant cockroach (D:1)
  5 goblins
  3 hobgoblins (D:1)
  3 jackals (D:2)
  3 kobolds
  2 quokkas (D:1)
  A frilled lizard (D:1)
  3 rats
42 creatures vanquished.

Notes
Turn   | Place    | Note
-------+----------+-------------------------------------------
     0 | D:1      | backslashecho the Meteoran Shapeshifter began the quest for
                  | the Orb.
     0 | D:1      | Reached XP level 1. HP: 16/16 MP: 2/2
   185 | D:1      | Reached XP level 2. HP: 23/23 MP: 3/3
   230 | D:1      | Found Ingeomp's Book Boutique.
   245 | D:1      | Reached skill level 4 in Unarmed Combat
   464 | D:1      | Reached XP level 3. HP: 28/28 MP: 4/4
   503 | D:1      | Glimpsed the power of Zot.
   553 | D:1      | Glimpsed the power of Zot.
   665 | D:2      | Reached XP level 4. HP: 27/35 MP: 5/5
   670 | D:2      | Reached skill level 5 in Unarmed Combat
   782 | D:3      | Reached XP level 5. HP: 38/40 MP: 6/6
   793 | D:3      | HP: 2/40 [gnoll/+0 halberd[a gnoll bouda] (13)]
   795 | D:3      | Mangled by a gnoll

Illustrated notes

Levels and vault maps discovered:
D:1:      amcnicky_arrival_single_pillar, layout_loops_corners, serial_shops,
          shop, minmay_split_cup_large
D:2:      layout_rooms, basic_altar, minmay_pentomino_w4, uniq_jessica
D:3:      layout_basic, gup_sewer_entry_bubbles,
          dreamdust_ecumenical_altar_grove, palyth_stone_intersect
D:4:      layout_basic, mainiacjoe_overflow_concentric_impassable,
          nicolae_ashenzari_skybound, uniq_duvessa

Skill      XL: |  1  2  3  4 |
---------------+-------------+-----
Unarmed Combat | 4 5 |  5.3
Shapeshifting  | 4 |  4.5
Fighting       | |  1.1
Dodging        | |  2.1

Action                     |  1- 3 |  4- 6 || total
---------------------------+-------+-------++-------
  Melee: Unarmed           |    66 |    22 ||    88
         Punch             |     2 |       ||     2
    Use: Potion            |       |     2 ||     2
 Armour: Animal skin       |    28 |    15 ||    43
  Dodge: Dodged            |    38 |     9 ||    47

Table legend: (Time is in decaauts)
 A = Elapsed time spent in this place.
 B = Non-inter-level travel time spent in this place.
 C = Inter-level travel time spent in this place.
 D = Time resting spent in this place.
 E = Time spent auto-exploring this place.
 F = Levels seen in this place.
 G = Mean time per level.
                   A        B        C        D        E       F      G
               +--------+--------+--------+--------+--------+-----+--------+
         Total |    788 |    744 |     44 |      0 |    388 |   4 |  197.0 |
       Dungeon |    788 |    744 |     44 |      0 |    388 |   4 |  197.0 |
               +--------+--------+--------+--------+--------+-----+--------+

Top non-repeatable levels by time:
     D:1: 566 daAuts
     D:2: 123 daAuts
     D:3: 93 daAuts
     D:4: 3 daAuts
